 Dungeon Crawl Stone Soup version 0.32-a0-131-g9dbbe29261 (webtiles) character file.

Game seed: 2674240898151109795

98 CougarLife the Shield-Bearer (level 4, -5/41 HPs)
             Began as a Gnoll Fighter on Feb 8, 2024.
             Slain by Sigmund
             ... wielding a +0 scythe
              (7 damage)
             ... on level 3 of the Dungeon.
             The game lasted 00:02:14 (1949 turns).

CougarLife the Shield-Bearer (Gnoll Fighter)        Turns: 1949, Time: 00:02:14

Health: -5/41      AC: 10    Str: 24    XL:     4   Next: 69%
Magic:  5/5        EV: 10    Int:  7    God:
Gold:   62         SH:  0    Dex: 11    Spells: 5/5 levels left

rFire   . . .        a - +0 trident
rCold   . . .        c - +0 buckler
rNeg    . . .        b - +0 scale mail
rPois   .            j - +0 helmet
rElec   .            (no cloak)
rCorr   .            k - +0 pair of gloves
SInv    .            (no boots)
Will    .....        (no amulet) Stlth
                     g - +6 ring of strength
HPRegen 0.26/turn    (no ring)
MPRegen 0.09/turn

%: no passive effects
@: confused, mighty
A: fangs 1, strong nose, distributed training
a: no special abilities


You were on level 3 of the Dungeon.
You visited 1 branch of the dungeon, and saw 3 of its levels.

You collected 62 gold pieces.

Inventory:

Hand Weapons
 a - a +0 trident (weapon)
Missiles
 n - 5 curare-tipped darts (quivered)
Armour
 b - a +0 scale mail (worn)
 c - a +0 buckler (worn)
 j - a +0 helmet (worn)
 k - a +0 pair of gloves (worn)
Jewellery
 g - a +6 ring of strength (left hand)
Wands
 m - a wand of flame (15)
Scrolls
 e - a scroll of fog {unknown}
 h - a scroll of enchant weapon {unknown}
 i - a scroll of revelation {unknown}
 l - a scroll of silence {unknown}
 o - a scroll of blinking {unknown}
 p - a scroll of noise {unknown}
 q - 2 scrolls of teleportation {unknown}
Potions
 f - 2 potions of heal wounds {unknown}
 r - a potion of lignification {unknown}
 s - a potion of brilliance {unknown}
 t - a potion of degeneration {unknown}


   Skills:
 + Level 6.6 Fighting
 + Level 1.2 Short Blades
 + Level 1.2 Long Blades
 + Level 1.2 Axes
 + Level 1.2 Maces & Flails
 + Level 4.7 Polearms
 + Level 1.2 Staves
 + Level 1.2 Ranged Weapons
 + Level 1.2 Throwing
 + Level 6.6 Armour
 + Level 1.2 Dodging
 + Level 1.2 Stealth
 + Level 6.6 Shields
 + Level 1.2 Unarmed Combat
 + Level 1.2 Spellcasting
 + Level 1.0 Conjurations
 + Level 1.0 Hexes
 + Level 1.0 Summonings
 + Level 1.0 Necromancy
 + Level 1.0 Translocations
 + Level 1.0 Fire Magic
 + Level 1.0 Ice Magic
 + Level 1.0 Air Magic
 + Level 1.0 Earth Magic
 + Level 1.0 Alchemy
 + Level 1.4 Invocations
 + Level 1.2 Evocations
 + Level 1.1 Shapeshifting


You had 5 spell levels left.
You didn't know any spells.
Your spell library contained the following spells:

 Spells                   Type           Power      Damage    Failure   Level
 Sublimation of Blood     Necr           1%         N/A       71%         2
 Petrify                  Alch/Erth      1%         N/A       100%        4
 Irradiate                Conj/Alch      0%         3d11      100%        5


Dungeon Overview and Level Annotations

Branches:
Dungeon (3/15)

Altars:

Shops:
D:2 (

Annotations:
D:3 Sigmund


Innate Abilities, Weirdness & Mutations

You have very sharp teeth.
Your uncanny sense of smell can sniff out nearby items.
Your experience applies equally to all skills.


Message History

You hit Sigmund. Your bite misses Sigmund.
Sigmund is lightly wounded.
Sigmund gestures wildly while chanting.
Sigmund flickers and vanishes!
Deactivating autopickup; reactivate with Ctrl-A.
You hit something but do no damage. Your bite misses something.
You block something's attack.
You miss something. Something hits you.
You hit something. Your bite misses something. Something hits you!
You closely miss something. You barely miss something. Something hits you!
You barely miss something.
You hear some strange, mumbled words.
A magic dart appears from out of thin air!
The magic dart hits you.
You feel very mighty all of a sudden. Something hits you!
You closely miss something. Something hits you.
You closely miss something.
A kobold comes into view. It is wielding a +0 dagger.
You miss something. Something hits you.
* * * LOW HITPOINT WARNING * * *
You hit something. The kobold hits you with a +0 dagger.
* * * LOW HITPOINT WARNING * * *
Something hits you.
* * * LOW HITPOINT WARNING * * *
You miss something. You block the kobold's attack.
You closely miss something.
You hear some strange, mumbled words.
You are confused.
The kobold barely misses you.
You hear some strange, mumbled words.
A puff of flame appears from out of thin air!
The puff of flame hits you but does no damage.
You closely miss something. Your bite misses something.
The kobold hits you but does no damage. Something hits you.
* * * LOW HITPOINT WARNING * * *
You barely miss something. The kobold barely misses you.
You miss something. Your bite misses something. Something hits you!
You die...

########.. .$ ..........
..#####.##......
......#.##......
#...........#...
......#.##<###..
#.#.............
...#.####.....#####.###.
#....{@K..##.##........
#########.##ß.ß#.##.###.
.................##.# .
#########.##ß.ß#.##.#
#.###.##.##.#
#.#.#.##.##..
#.#.#.##.#### #.....##..
##########


You could see a kobold.

Vanquished Creatures
  Robin (D:2)
  2 adders (D:2)
  2 ribbon worms (D:2)
  A dart slug (D:2)
  2 ball pythons
  7 endoplasms
  2 giant cockroaches (D:1)
  16 goblins
  3 hobgoblins
  2 quokkas
  3 bats (D:1)
  3 frilled lizards
  9 kobolds (D:2)
  5 rats
58 creatures vanquished.

Notes
Turn   | Place    | Note
-------+----------+-------------------------------------------
     0 | D:1      | CougarLife the Gnoll Fighter began the quest for the Orb.
     0 | D:1      | Reached XP level 1. HP: 23/23 MP: 1/1
   124 | D:1      | Reached XP level 2. HP: 24/29 MP: 2/2
   809 | D:1      | Reached XP level 3. HP: 35/35 MP: 3/3
   938 | D:2      | Reached skill level 1 in Invocations
   997 | D:2      | Noticed Robin
  1013 | D:2      | Killed Robin
  1014 | D:2      | Reached skill level 1 in Short Blades
  1014 | D:2      | Reached skill level 1 in Long Blades
  1014 | D:2      | Reached skill level 1 in Axes
  1014 | D:2      | Reached skill level 1 in Maces & Flails
  1014 | D:2      | Reached skill level 1 in Staves
  1014 | D:2      | Reached skill level 1 in Ranged Weapons
  1014 | D:2      | Reached skill level 1 in Throwing
  1014 | D:2      | Reached skill level 1 in Dodging
  1014 | D:2      | Reached skill level 1 in Stealth
  1014 | D:2      | Reached skill level 1 in Unarmed Combat
  1014 | D:2      | Reached skill level 1 in Spellcasting
  1014 | D:2      | Reached skill level 1 in Evocations
  1045 | D:2      | Reached skill level 1 in Shapeshifting
  1045 | D:2      | Reached XP level 4. HP: 22/41 MP: 5/5
  1501 | D:2      | Reached skill level 1 in Conjurations
  1501 | D:2      | Reached skill level 1 in Hexes
  1501 | D:2      | Reached skill level 1 in Summonings
  1501 | D:2      | Reached skill level 1 in Necromancy
  1501 | D:2      | Reached skill level 1 in Translocations
  1501 | D:2      | Reached skill level 1 in Fire Magic
  1501 | D:2      | Reached skill level 1 in Ice Magic
  1501 | D:2      | Reached skill level 1 in Air Magic
  1501 | D:2      | Reached skill level 1 in Earth Magic
  1501 | D:2      | Reached skill level 1 in Alchemy
  1600 | D:2      | Found Durucel's Antique Weapon Shoppe.
  1929 | D:3      | Noticed Sigmund
  1947 | D:3      | HP: 2/41 [something (5)]
  1949 | D:3      | Slain by Sigmund

Illustrated notes

Levels and vault maps discovered:
D:1:      dpeg_arrival_more_subterranean_lakeside_camping, layout_basic,
          minmay_misc_feat_doors, minmay_pentomino_x4
D:2:      layout_basic, serial_shops, nicolae_shop_pleasant_corner_grove,
          uniq_robin
D:3:      kb_forest_paths, layout_basic, grunt_temple_overflow_open,
          lemuel_tele_altar, basic_ecumenical_altar, small_statue_intersection,
          minmay_vboxes, uniq_crazy_yiuf_cottage, uniq_sigmund

Skill      XL: |  1  2  3  4 |
---------------+-------------+-----
Invocations    | 1 |  1.4
Short Blades   | 1 |  1.2
Long Blades    | 1 |  1.2
Axes           | 1 |  1.2
Maces & Flails | 1 |  1.2
Staves         | 1 |  1.2
Ranged Weapons | 1 |  1.2
Throwing       | 1 |  1.2
Dodging        | 1 |  1.2
Stealth        | 1 |  1.2
Unarmed Combat | 1 |  1.2
Spellcasting   | 1 |  1.2
Evocations     | 1 |  1.2
Shapeshifting  | 1 |  1.1
Conjurations   | 1 |  1.0
Hexes          | 1 |  1.0
Summonings     | 1 |  1.0
Necromancy     | 1 |  1.0
Translocations | 1 |  1.0
Fire Magic     | 1 |  1.0
Ice Magic      | 1 |  1.0
Air Magic      | 1 |  1.0
Earth Magic    | 1 |  1.0
Alchemy        | 1 |  1.0
Fighting       | |  6.6
Polearms       | |  4.7
Armour         | |  6.6
Shields        | |  6.6

Action                     |  1- 3 |  4- 6 || total
---------------------------+-------+-------++-------
  Melee: Trident           |   135 |    72 ||   207
         Bite              |     7 |     6 ||    13
    Use: Potion            |       |     1 ||     1
 Armour: Scale mail        |    76 |    42 ||   118
  Dodge: Dodged            |    48 |    19 ||    67
  Block: Buckler           |    18 |    16 ||    34

Table legend: (Time is in decaauts)
 A = Elapsed time spent in this place.
 B = Non-inter-level travel time spent in this place.
 C = Inter-level travel time spent in this place.
 D = Time resting spent in this place.
 E = Time spent auto-exploring this place.
 F = Levels seen in this place.
 G = Mean time per level.
                   A        B        C        D        E       F      G
               +--------+--------+--------+--------+--------+-----+--------+
         Total |   1969 |   1952 |     17 |     66 |   1451 |   3 |  656.3 |
       Dungeon |   1969 |   1952 |     17 |     66 |   1451 |   3 |  656.3 |
               +--------+--------+--------+--------+--------+-----+--------+

Top non-repeatable levels by time:
     D:2: 957 daAuts
     D:1: 930 daAuts
     D:3: 81 daAuts
